 Dungeon Crawl Stone Soup version 0.31-a0-149-g3fdcc5976a (webtiles) character file.

Game seed: 12773025908075712515

186 qw the Shooter (level 5, 0/46 HPs)
             Began as a Minotaur Hunter on June 7, 2023.
             Slain by an orc
             ... wielding a +1 antimagic war axe
              (8 damage)
             ... on level 5 of the Dungeon.
             The game lasted 00:01:05 (3283 turns).

qw the Shooter (Minotaur Hunter)                    Turns: 3283, Time: 00:01:05

Health: 0/46       AC:  4    Str: 20    XL:     5   Next: 38%
Magic:  0/4        EV: 12    Int: 11    God:
Gold:   134        SH:  0    Dex: 14    Spells: 4/4 levels left

rFire   + . .        Y - +2 shortbow
rCold   . . .        (shield currently unavailable)
rNeg    . . .        a - +0 robe of Duwegiga {*Slow rF+ Regen+ Int+6}
rPois   .            (helmet restricted)
rElec   .            (no cloak)
rCorr   .            (no gloves)
SInv    .            c - +1 pair of boots
Will    .....        (no amulet)
Stlth   ++           (no ring)
HPRegen 1.07/turn    (no ring)
MPRegen 0.09/turn

%: slow self (1%)
@: about to teleport
A: horns 2, retaliatory headbutt, hooves 1, strong 1
a: no special abilities


You were on level 5 of the Dungeon.
You visited 1 branch of the dungeon, and saw 5 of its levels.

You collected 134 gold pieces.


Innate Abilities, Weirdness & Mutations

You have a pair of horns on your head.
You reflexively headbutt those who attack you in melee.
You have large cloven feet.
Your muscles are strong. (Str +4, Int/Dex -1)


   Skills:
 - Level 4.0 Fighting
 + Level 6.7 Ranged Weapons
 - Level 2.1 Dodging
 - Level 0.7 Stealth


You had 4 spell levels left.
You didn't know any spells.
Your spell library was empty.

Inventory:

Hand Weapons
 Y - a +2 shortbow (weapon)
Armour
 a - the +0 robe of Duwegiga (worn) {*Slow rF+ Regen+ Int+6}
   (You found it on level 2 of the Dungeon)

   Int:       It affects your intelligence (+6).
   rF:        It protects you from fire.
   Regen:     It increases your rate of health regeneration.
   *Slow:     It may slow you when you take damage.
 c - a +1 pair of boots (worn)
Jewellery
 b - a ring of ice
Scrolls
 k - 2 scrolls of teleportation
 l - a scroll of identify
 m - a scroll of enchant armour {unknown}
Potions
 d - 2 potions of might
 e - a potion of ambrosia {unknown}
 f - a potion of attraction {unknown}
 g - a potion of enlightenment {unknown}
 h - a potion of lignification {unknown}
 i - a potion of heal wounds {unknown}
 j - a potion of mutation
 n - a potion of curing

Dungeon Overview and Level Annotations

Branches:
Dungeon (5/15)
 Temple: D:4-7

Altars:


Message History

The arrow hits the orc but does no damage.
The orc is severely wounded.
The orc misses you. The orc barely misses you.
You shoot an arrow.
The arrow hits the orc but does no damage.
The orc is severely wounded.
The orc hits you with a +1 antimagic war axe.
You feel your power leaking away. The orc hits you with a +0 hand axe.
You shoot an arrow. The arrow barely misses the orc.
The orc hits you with a +1 antimagic war axe!
You feel your power leaking away. The orc hits you with a +0 hand axe.
You shoot an arrow. The arrow barely misses the orc.
You shoot an arrow. The arrow barely misses the orc.
The arrow hits the orc.
The orc is severely wounded.
The orc hits you with a +0 hand axe.
You shoot an arrow.
The arrow hits the orc but does no damage.
The orc is severely wounded.
The orc barely misses you.
You shoot an arrow. The arrow barely misses the orc.
The orc barely misses you. The orc hits you with a +0 hand axe.
The orc hits you with a +3 flail of holy wrath!
You shoot an arrow.
The arrow hits the orc but does no damage.
The orc is severely wounded.
The orc hits you with a +1 antimagic war axe.
The orc misses you.
The orc hits you with a +3 flail of holy wrath.
3282 ||| READING 3 scrolls of teleportation.
As you read the scroll of teleportation, it crumbles to dust.
You feel strangely unstable. The orc hits you but does no damage.
The orc closely misses you. x2
You furiously retaliate!
You headbutt the orc!
You kill the orc!
You shoot an arrow. The arrow hits the orc.
You kill the orc!
The orc hits you with a +1 antimagic war axe!
You die...

#... #... .. #.... ...
#.... ...############
#.....##+###............
#.....#o...#.....<......
#....o)@...#............
#....o#)...+.....(......
#.... #....#............
#[.. ##'###............
#.. #..........#######
#. #..........# #
#..........#
#..........#
#..........#


You could see 3 orcs.

Vanquished Creatures
  Terence (D:2)
  7 adders
  A worm (D:4)
  4 dart slugs
  6 orcs
  5 endoplasms
  6 giant cockroaches
  6 goblins
  8 hobgoblins
  3 jackals (D:4)
  3 quokkas
  13 ball pythons
  5 bats
  4 frilled lizards
  3 kobolds (D:2)
  7 rats
82 creatures vanquished.

Notes
Turn   | Place    | Note
-------+----------+-------------------------------------------
     0 | D:1      | qw the Minotaur Hunter began the quest for the Orb.
     0 | D:1      | Reached XP level 1. HP: 18/18 MP: 0/0
     0 | D:1      | 0 ||| qw: Version: 0.2-a-117-gc6b5c8b
     0 | D:1      | 0 ||| qw: Game counter: 2632
     0 | D:1      | 0 ||| qw: Always use a shield: true
     0 | D:1      | 0 ||| qw: God list: Okawaru
     0 | D:1      | 0 ||| qw: Allow faded altars: false
     0 | D:1      | 0 ||| qw: Do Orc after D:15 true
     0 | D:1      | 0 ||| qw: Do second Lair branch before Depths: true
     0 | D:1      | 0 ||| qw: Lair rune preference: random
     0 | D:1      | 0 ||| qw: Plans: Normal
     0 | D:1      | 0 ||| PLANNING D:1-11
   204 | D:1      | Reached XP level 2. HP: 25/25 MP: 1/1
   254 | D:1      | Reached skill level 5 in Ranged Weapons
   540 | D:1      | 540 ||| FLEEEEING.
   541 | D:1      | 541 ||| FLEEEEING.
   543 | D:1      | 543 ||| FLEEEEING.
   544 | D:1      | 544 ||| FLEEEEING.
   560 | D:1      | Reached skill level 3 in Fighting
   925 | D:1      | 925 ||| READING scroll labelled ATURPH ACZAOCRE.
   926 | D:1      | 926 ||| READING scroll labelled QUIXTE WUSETOY.
  1027 | D:1      | 1027 ||| READING scroll labelled MUW FONIKKAONT.
  1028 | D:1      | 1028 ||| DRINKING 2 silvery potions.
  1029 | D:1      | 1029 ||| DRINKING 2 viscous ruby potions.
  1029 | D:1      | Gained mutation: You are frail. (-10% HP) [potion of
                  | mutation]
  1029 | D:1      | Lost mutation: You are frail. (-10% HP) [potion of
                  | mutation]
  1029 | D:1      | Gained mutation: Your muscles are strong. (Str +4, Int/Dex
                  | -1) [potion of mutation]
  1029 | D:1      | Gained mutation: You have large cloven feet. [potion of
                  | mutation]
  1039 | D:1      | 1039 ||| DROPPING scroll of butterflies.
  1081 | D:2      | Reached XP level 3. HP: 24/31 MP: 2/2
  1125 | D:2      | Identified the +0 robe of Duwegiga {*Slow rF+ Regen+ Int+6}
  1192 | D:2      | Noticed Terence
  1210 | D:2      | Killed Terence
  1211 | D:2      | Reached XP level 4. HP: 13/38 MP: 3/3
  1347 | D:2      | Reached skill level 6 in Ranged Weapons
  1428 | D:2      | HP: 10/40 [poisoned by an adder]
  1769 | D:2      | You fall into a shaft and drop 2 floors!
  2022 | D:4      | 2022 ||| UPGRADING to +0 robe of Duwegiga {*Slow rF+ Regen+
                  | Int+6}.
  2032 | D:4      | 2032 ||| DROPPING +0 leather armour.
  2033 | D:4      | 2033 ||| READING scroll labelled MES AZXESUST.
  2036 | D:4      | 2036 ||| Stepping randomly (stuck).
  2045 | D:4      | 2045 ||| Stepping randomly (stuck).
  2078 | D:4      | Reached XP level 5. HP: 46/46 MP: 4/4
  2241 | D:3      | 2241 ||| READING scroll labelled ZUSSOS XAL.
  2937 | D:3      | 2937 ||| READING scroll of enchant weapon.
  2937 | D:3      | 2937 ||| ENCHANTING +1 shortbow.
  2959 | D:3      | 2959 ||| UPGRADING to +1 pair of boots.
  2964 | D:3      | 2964 ||| READING scroll labelled APHATO EPUFYFA.
  3246 | D:5      | Entered Level 5 of the Dungeon
  3281 | D:5      | HP: 10/46 [orc/+1 antimagic war axe (5)]
  3282 | D:5      | 3282 ||| READING 3 scrolls of teleportation.
  3283 | D:5      | Slain by an orc

Levels and vault maps discovered:
D:1:      mrwooster_arrival_statue_3, layout_basic
D:2:      layout_basic, uniq_terence
D:3:      layout_loops_ring
D:4:      layout_basic
D:5:      layout_gridville, gammafunk_ghost_stat_death, uniq_edmund

Skill      XL: |  1  2  3  4 |
---------------+-------------+-----
Ranged Weapons | 5 6 |  6.7
Fighting       | 3 4 |  4.0
Dodging        | |  2.1
Stealth        | |  0.7

Action                     |  1- 3 |  4- 6 || total
---------------------------+-------+-------++-------
   Fire: Shortbow          |    86 |   149 ||   235
    Use: Scroll            |     3 |     5 ||     8
         Potion            |     2 |       ||     2
 Armour: Leather armour    |     3 |     6 ||     9
         Robe              |       |     4 ||     4
  Dodge: Dodged            |    16 |    28 ||    44

Table legend:
 A = Non-vault XP
 B = Vault XP
 C = Vault XP percentage of total XP
 D = Non-vault monster count
 E = Vault monster count
 F = Vault count percentage of total count
                 A         B        C        D         E       F
            +---------+---------+-------+---------+---------+-------
      Total |     232 |      38 |  14.1 |      81 |       1 |   1.2
            +---------+---------+-------+---------+---------+-------
        D:1 |      40 |       0 |   0.0 |      21 |       0 |   0.0
        D:2 |      80 |      38 |  32.2 |      22 |       1 |   4.3
        D:3 |      51 |       0 |   0.0 |      15 |       0 |   0.0
        D:4 |      55 |       0 |   0.0 |      21 |       0 |   0.0
        D:5 |       6 |       0 |   0.0 |       2 |       0 |   0.0
            +---------+---------+-------+---------+---------+-------
